 Dungeon Crawl Stone Soup version 0.18-a0-750-g37044d6 (webtiles) character file.

228 4thArraOfDagon the Cudgeler (level 6, -4/63 HPs)
             Began as an Ogre Hunter on Dec 12, 2015.
             Was an Initiate of Cheibriados.
             Killed by divine providence
             ... invoked by an orc priest
              (14 damage)
             ... on level 4 of the Dungeon.
             The game lasted 00:07:34 (1127 turns).

4thArraOfDagon the Cudgeler (Ogre Hunter)           Turns: 1127, Time: 00:07:34

Health: -4/63      AC:  3    Str: 19    XL:     6   Next: 2%
Magic:  16/16      EV: 10    Int: 13    God:    Cheibriados [......]
Gold:   51         SH:  0    Dex: 11    Spells: 0 memorised, 5 levels left

rFire  . . .     SeeInvis .     c - +0 giant club
rCold  . . .     Clarity  .     b - +0 robe
rNeg   . . .     SustAt   .     (shield currently unavailable)
rPois  .         Gourm    .     (helmet restricted)
rElec  .         Spirit   .     (no cloak)
rCorr  .         Dismiss  .     (gloves unavailable)
rMut   .         Stasis   .     (boots unavailable)
MR     .....                    (no amulet)
Stlth  +.........               (no ring)
                                g - ring of magical power

@: very slow, not resistant to hostile enchantments, very unstealthy
A: unfitting armour, tough skin 1
a: Bend Time, Renounce Religion


You were on level 4 of the Dungeon.
You worshipped Cheibriados.
Cheibriados was noncommittal.
You were not hungry.

You visited 2 branches of the dungeon, and saw 6 of its levels.

You collected 51 gold pieces.

Inventory:

Hand Weapons
 c - a +0 giant club (weapon)
 o - a +0 whip
 t - a +0 vampiric whip
Armour
 b - a +0 robe (worn)
Jewellery
 g - a ring of magical power (left hand)
Scrolls
 a - a scroll of identify {unknown}
 f - a scroll of remove curse
 i - a scroll of random uselessness {unknown}
 k - a scroll of recharging
 l - a scroll of teleportation
 n - a scroll of blinking
 s - a scroll of magic mapping {unknown}
 v - a scroll of noise {unknown}
Potions
 h - a potion of flight {unknown}
 j - a potion of curing {unknown}
 q - a potion of lignification {unknown}
 w - a potion of berserk rage {unknown}
Comestibles
 e - 2 bread rations
 r - a meat ration


   Skills:
 + Level 4.7 Fighting
 * Level 5.0 Maces & Flails
 - Level 4.0 Throwing
 + Level 2.5 Dodging
 - Level 0.7 Stealth
 + Level 1.6 Invocations


You had 5 spell levels left.
You didn't know any spells.

Dungeon Overview and Level Annotations

Branches:
Dungeon (5/15)             Temple (1/1) D:5

Altars:
Ashenzari
Cheibriados
Gozag
Kikubaaqudgha
Nemelex Xobeh
Okawaru
Pakellas
Qazlal
Vehumet
Xom
Yredelemnul
Zin
The Shining One

Shops:
D:4 (


Innate Abilities, Weirdness & Mutations

You are too large for most types of armour.
You have tough skin (AC +1).


Message History

* * * LOW HITPOINT WARNING * * *
You hit the orc priest.
The orc priest is almost dead.
The orc barely misses you. The orc priest barely misses you.
Unknown command.
Unknown command.
Drink which item? (? for menu, Esc to quit)
You feel much better. The orc barely misses you.
The orc priest hits you with a hand axe!
Unknown command.
You hit the orc priest but do no damage.
The orc priest is almost dead.
The orc priest invokes the aid of Beogh against you.
Something smites you!
* * * LOW HITPOINT WARNING * * *
The orc hits you with a hand axe.
* * * LOW HITPOINT WARNING * * *
The orc priest invokes the aid of Beogh against you.
Something smites you!
You die...

#.#.# . #.#.# ..# ≈≈#
#.#.## #..#.≈≈# #.#..##
#..#.≈≈##### #.....#
###....≈≈≈≈≈≈≈ ###.∩.#.#
#......≈≈≈≈≈≈≈ #.......#
#o#... .P..... #...#...#
###o#(## ..... #
#.#...#.####(@o...# ...#...
#.##....).(.(#.#..##.......
#.##.##.######.#..>....#
####.#...#.# #.......#.....
#.....>....# ####.#### ##.
#.#.##...### .... #.###.##
.##.## # #..##.###### #.
... #.##.##......# # ..#


You could see 2 orc priests and an orc.

Vanquished Creatures
  An ogre (D:5)
  A jelly (D:5)
  An iguana (D:5)
  A worker ant (D:5)
  A gnoll (D:5)
  3 adder skeletons (D:5)
  3 worms
  2 giant geckos (D:5)
  6 orcs
  A bat (D:3)
  A giant cockroach (D:3)
  A goblin (D:2)
  A hobgoblin (D:2)
  5 jackals
  2 kobolds (D:2)
  2 ball pythons
  A giant newt (D:2)
  A quokka (D:5)
  2 rats
36 creatures vanquished.

Notes
Turn   | Place    | Note
--------------------------------------------------------------
     0 | D:1      | 4thArraOfDagon the Ogre Hunter began the quest for the Orb.
     0 | D:1      | Reached XP level 1. HP: 22/22 MP: 1/1
   160 | D:2      | Reached skill level 1 in Maces & Flails
   187 | D:2      | Reached XP level 2. HP: 21/31 MP: 2/2
   188 | D:2      | Found a faded altar to an unknown god.
   540 | D:4      | Found Gautuq's Antique Weapon Shop.
   585 | D:5      | Entered Level 5 of the Dungeon
   598 | D:5      | Reached XP level 3. HP: 19/37 MP: 3/3
   640 | D:5      | Found a staircase to the Ecumenical Temple.
   654 | D:5      | Reached XP level 4. HP: 24/48 MP: 4/4
   679 | Temple   | Entered the Ecumenical Temple
   770 | Temple   | Became a worshipper of Cheibriados the Contemplative
   834 | D:5      | Noticed an ogre
   853 | D:5      | Killed an ogre
   853 | D:5      | Reached skill level 1 in Invocations
   853 | D:5      | Reached XP level 5. HP: 26/55 MP: 5/5
  1059 | D:5      | Reached skill level 5 in Maces & Flails
  1077 | D:5      | Reached XP level 6. HP: 45/63 MP: 7/7
  1127 | D:4      | Killed from afar by an orc priest

Vault maps used:
D:1:      arrival_zaba_pyramid
D:2:      ecumenical_altar_1, first_bread, minmay_rats_cheesy_pizza
D:4:      lemuel_castle_with_subvaults, serial_shops, nicolae_shop_stone,
          serial_park_tiny_2
D:5:      minmay_temple_entry_glass
Temple:   minmay_crystal_snake_temple_18

Action                   |  1- 3 |  4- 6 || total
-------------------------+-------+-------++-------
Melee: Short sword       |    20 |       ||    20
       Whip              |    35 |    62 ||    97
       Giant club        |       |    16 ||    16
Throw: Large rock        |    14 |    15 ||    29
       Throwing net      |     2 |     3 ||     5
  Use: Scroll            |     4 |     1 ||     5
       Potion            |       |     3 ||     3
 Stab: Sleeping          |     5 |       ||     5
  Eat: Beef jerky        |     2 |       ||     2
       Meat ration       |     1 |       ||     1
